Knights vs Diablos
(R1)
Created - May 15, 2019 at 19:07
Goals
|
Knights |
2 |
3 |
1 |
6 |
Diablos |
1 |
1 |
1 |
3 |
|
Shots
|
Knights |
9 |
18 |
9 |
36 |
Diablos |
3 |
20 |
15 |
38 |
|
1st period
1. Diablos , Jason Akeson 3 (Nick Spaling 3, Andrei Mironov 1) at 9:40
2. Knights , Pavel Buchnevich 2 (Noel Acciari 3, Ben Scrivens) at 15:04 (PP)
3. Knights , Pavel Buchnevich 3 (Michael Raffl 4, Noel Acciari 4) at 15:18
Penalties :
Barclay Goodrow (Don) for Hooking (Minor) at 1:15, Corey Trivino (Don) for Holding Stick (Minor) at 14:53, Cameron Gaunce (Don) for Hooking (Minor) at 17:46
2nd period
4. Diablos , Tyler Pitlick 2 (Cameron Gaunce 1, Corey Trivino 2) at 3:38
5. Knights , Brandon Saad 2 (Boone Jenner 2, Linden Vey 2) at 7:52
6. Knights , Noel Acciari 3 (Pavel Buchnevich 3) at 9:37 (PP)
7. Knights , Pavel Buchnevich 4 (Noel Acciari 5, Michael Raffl 5) at 10:46
Penalties :
Bryan Bickell (Don) for High sticking (Minor) at 0:40, Alex Petrovic (Don) for Holding (Minor) at 5:12, Cameron Gaunce (Don) for Diving (Minor) at 9:20, Nikita Nesterov (Don) for Hooking (Minor) at 16:42
3rd period
8. Diablos , Nick Spaling 2 (Lars Eller 4) at 7:37
9. Knights , Michael Raffl 2 (Noel Acciari 6, Oscar Klefbom 1) at 8:26
Penalties :
Nick Spaling (Don) for Hooking (Minor) at 1:56, Noel Acciari (Lon) for Interference (Minor) at 11:44, Lars Eller (Don) for Tripping (Minor) at 13:16
Goalie Stats
Ben Scrivens (Lon), 35 saves from 38 shots - (0.921), W, 2-1-0, 60:00 minutes
Andrew Hammond (Don), 9 saves from 13 shots - (0.692), L, 1-1-0, 29:37 minutes
Kristers Gudlevskis (Don), 21 saves from 23 shots - (0.913), 30:23 minutes
Players Stats for Knights
Player Name G A P +/- PIM S H SB GA TA FO MP PP MP PK MP
------------------------------------------------------------------------------------
Boone Jenner 0 1 1 1 0 2 0 1 0 0 3/5 11:26 0:03 1:01
Brandon Saad 1 0 1 1 0 3 0 0 0 1 1/1 10:20 0:03 0:00
Brendan Gaunce 0 0 0 0 0 3 0 0 1 0 2/4 8:58 0:00 0:31
Brett Connolly 0 0 0 0 0 0 0 1 0 1 0/0 8:27 0:00 0:00
Collin Miller 0 0 0 -1 0 1 2 0 0 1 0/0 11:29 0:00 0:00
Jaccob Slavin 0 0 0 0 0 0 1 2 0 2 0/0 24:54 8:40 0:25
Jonathan Huberdeau 0 0 0 -1 0 1 3 0 0 0 0/1 17:34 5:40 0:31
Jordan Martinook 0 0 0 0 0 1 0 0 0 0 1/2 8:27 0:00 0:00
Josh Bailey 0 0 0 -1 0 0 0 1 1 0 0/0 17:30 5:40 0:00
Linden Vey 0 1 1 1 0 2 1 0 1 0 0/0 10:20 0:03 0:00
Ludwig Bystrom 0 0 0 -1 0 0 1 0 0 0 0/0 11:06 0:00 0:00
Michael Matheson 0 0 0 0 0 4 0 1 0 0 0/0 20:04 5:14 1:07
Michael Raffl 1 2 3 1 0 5 2 0 4 1 3/3 23:12 8:11 1:01
Miro Aaltonen 0 0 0 -1 0 1 0 0 1 0 4/9 17:22 5:37 0:00
Noel Acciari 1 4 5 1 2 2 3 0 0 0 16/36 22:13 8:14 0:00
Oscar Klefbom 0 1 1 2 0 3 1 0 1 1 0/0 26:47 8:40 0:25
Pavel Buchnevich 3 1 4 1 0 5 0 0 1 0 1/2 22:11 8:11 0:00
Tomas Kundratek 0 0 0 2 0 3 2 1 0 0 0/0 25:40 5:14 1:07
Players Stats for Diablos
Player Name G A P +/- PIM S H SB GA TA FO MP PP MP PK MP
------------------------------------------------------------------------------------
Alex Petrovic 0 0 0 0 2 2 1 1 0 0 0/0 19:11 0:35 4:14
Andrei Mironov 0 1 1 0 0 0 0 1 0 1 0/0 12:26 0:00 1:56
Barclay Goodrow 0 0 0 -1 2 1 0 0 0 0 0/0 7:27 0:00 0:00
Brian Dumoulin 0 0 0 0 0 1 4 1 1 1 0/0 20:45 0:35 5:34
Bryan Bickell 0 0 0 1 2 2 2 0 0 0 1/2 15:23 0:34 1:27
Cameron Gaunce 0 1 1 -1 4 3 3 3 1 1 0/0 27:31 0:57 6:55
Corey Trivino 0 1 1 1 2 4 0 1 1 0 4/6 13:18 0:34 0:00
Danny Kristo 0 0 0 0 0 1 0 0 1 1 0/0 8:05 0:00 0:00
Jason Akeson 1 0 1 -1 0 4 2 2 0 0 3/6 24:37 0:58 8:01
Jiri Sekac 0 0 0 0 0 0 0 1 0 0 0/0 8:05 0:00 0:00
Lars Eller 0 1 1 -1 2 2 3 1 0 3 11/25 20:27 0:57 3:42
Marek Zagrapan 0 0 0 0 0 1 1 0 1 1 2/2 9:05 0:00 0:49
Nick Spaling 1 1 2 -1 2 3 1 0 1 0 8/15 23:35 0:58 6:49
Nikita Nesterov 0 0 0 0 2 0 1 0 0 0 0/0 11:30 0:00 0:49
Peter Holland 0 0 0 -1 0 7 2 1 0 0 2/5 9:52 0:00 2:34
Philip Larsen 0 0 0 -1 0 1 1 0 0 2 0/0 28:58 0:57 8:20
Sergey Tolchinsky 0 0 0 -1 0 1 1 0 0 0 0/1 6:53 0:00 0:00
Tyler Pitlick 1 0 1 1 0 5 2 1 1 0 1/1 18:22 0:34 4:26
3 Stars
1 - Pavel Buchnevich (Lon)
2 - Noel Acciari (Lon)
3 - Michael Raffl (Lon)
Power Play
Knights - 2 on 9 Attempt(s) - 22.22%
Diablos - 0 on 1 Attempt(s) - 0.00%
Penalty Kill
Knights - 1 on 1 Attempt(s) - 100.00%
- Score 0 goal in Penalty Kill
Diablos - 7 on 9 Attempt(s) - 77.78%
- Score 0 goal in Penalty Kill
Team Stat
Knights - Hits : 16 - Faceoff Wins : 31 - Blocked Shots : 7 - Penalty Minutes : 2
Diablos - Hits : 24 - Faceoff Wins : 32 - Blocked Shots : 13 - Penalty Minutes : 18
Official
Referees : Unknown
Linesman : Unknown
Game Notes
Kristers Gudlevskis enters game at 9:37 of 2nd period
Pavel Buchnevich has scored a Hat Trick!
Finance
Level 1 -- Attendance: 1581 (79.05%) -- Ticket Income $42,687
Level 2 -- Attendance: 931 (93.10%) -- Ticket Income $9,310
Total Attendance: 2512 (83.73%)
Total Ticket Income: $51,997
Other Income: $2,600
Total Income: $54,597
Knights
5 vs 5 Forward
Center Left Wing Right Wing Time % Phy DF OF
1 Noel Acciari Michael Raffl Pavel Buchnevich 40 1 2 2
2 Miro Aaltonen Jonathan Huberdeau Josh Bailey 30 1 2 2
3 Boone Jenner Brandon Saad Linden Vey 20 1 2 2
4 Brendan Gaunce Jordan Martinook Brett Connolly 10 1 2 2
5 vs 5 Defense
Defense Defense Time % Phy DF OF
1 Tomas Kundratek Oscar Klefbom 40 1 2 2
2 Michael Matheson Jaccob Slavin 30 1 2 2
3 Collin Miller Ludwig Bystrom 20 1 2 2
4 Tomas Kundratek Jaccob Slavin 10 1 2 2
PowerPlay Forward
Center Left Wing Right Wing Time % Phy DF OF
1 Noel Acciari Michael Raffl Pavel Buchnevich 60 1 1 3
2 Miro Aaltonen Jonathan Huberdeau Josh Bailey 40 1 1 3
PowerPlay Defense
Defense Defense Time % Phy DF OF
1 Jaccob Slavin Oscar Klefbom 60 0 1 4
2 Michael Matheson Tomas Kundratek 40 0 1 4
Penalty Kill 4 Players Forward
Center Wing Time % Phy DF OF
1 Noel Acciari Michael Raffl 60 1 3 1
2 Josh Bailey Miro Aaltonen 40 1 3 1
Penalty Kill 4 Players Defense
Defense Defense Time % Phy DF OF
1 Tomas Kundratek Michael Matheson 60 1 3 1
2 Oscar Klefbom Jaccob Slavin 40 1 3 1
Penalty Kill - 3 Players Forward
Forward Time % Phy DF OF
1 Michael Raffl 60 0 4 1
2 Noel Acciari 40 0 4 1
Penalty Kill - 3 Players Defense
Defense Defense Time % Phy DF OF
1 Tomas Kundratek Oscar Klefbom 60 1 3 1
2 Jaccob Slavin Michael Matheson 40 1 3 1
4 vs 4 Forward
Center Wing Time % Phy DF OF
1 Miro Aaltonen Josh Bailey 60 1 2 2
2 Noel Acciari Jonathan Huberdeau 40 1 2 2
4 vs 4 Defense
Defense Defense Time % Phy DF OF
1 Tomas Kundratek Michael Matheson 60 1 2 2
2 Oscar Klefbom Jaccob Slavin 40 1 2 2
Last Minutes Offensive
Center Left Wing Right Wing Defense Defense
Noel Acciari Michael Raffl Pavel Buchnevich Jaccob Slavin Tomas Kundratek
Last Minutes Defensive
Center Left Wing Right Wing Defense Defense
Noel Acciari Michael Raffl Josh Bailey Tomas Kundratek Jaccob Slavin
Goaltenders
Starting : Ben Scrivens
Backup : Magnus Hellberg
Extra Forwards
Normal : Noel Acciari, Linden Vey, Michael Raffl - PP : Josh Bailey, Michael Raffl - PK : Michael Raffl
Extra Defensemen
Normal : Jaccob Slavin, Tomas Kundratek, Collin Miller - PP : Jaccob Slavin - PK : Jaccob Slavin, Tomas Kundratek
Penalty Shots
Michael Raffl, Boone Jenner, Josh Bailey, Noel Acciari, Linden Vey
Scratches
Zach Nastasiuk (Healthy), Cody Bass (Healthy), Nicklas Jensen (Healthy), Alan Quine (Healthy), David Shields (Healthy)
Matthew Benning (Healthy), Trevor Moore (Healthy), Scott Wilson (Healthy), Curtis Valk (Healthy), Anthony Louis (Healthy)
Travis Boyd (Healthy), Nicolas Petan (Healthy), Zach Trotman (Healthy), Fredrik Claesson (Healthy), Vince Hinostroza (Healthy)
Anton Blidh (Healthy), A.J. Jenks (Healthy), Connor Knapp (Healthy), Eamon McAdam (Healthy), Philippe Desrosiers (Healthy)
Ville Husso (Healthy)
Diablos
5 vs 5 Forward
Center Left Wing Right Wing Time % Phy DF OF
1 Lars Eller Nick Spaling Jason Akeson 40 1 2 2
2 Corey Trivino Bryan Bickell Tyler Pitlick 30 1 2 2
3 Marek Zagrapan Jiri Sekac Danny Kristo 20 1 2 2
4 Peter Holland Sergey Tolchinsky Barclay Goodrow 10 1 2 2
5 vs 5 Defense
Defense Defense Time % Phy DF OF
1 Cameron Gaunce Philip Larsen 40 1 2 2
2 Brian Dumoulin Alex Petrovic 30 1 2 2
3 Nikita Nesterov Andrei Mironov 20 1 2 2
4 Cameron Gaunce Philip Larsen 10 1 2 2
PowerPlay Forward
Center Left Wing Right Wing Time % Phy DF OF
1 Lars Eller Nick Spaling Jason Akeson 60 1 2 2
2 Corey Trivino Bryan Bickell Tyler Pitlick 40 1 2 2
PowerPlay Defense
Defense Defense Time % Phy DF OF
1 Cameron Gaunce Philip Larsen 60 1 2 2
2 Brian Dumoulin Alex Petrovic 40 1 2 2
Penalty Kill 4 Players Forward
Center Wing Time % Phy DF OF
1 Nick Spaling Jason Akeson 60 1 2 2
2 Lars Eller Tyler Pitlick 40 1 2 2
Penalty Kill 4 Players Defense
Defense Defense Time % Phy DF OF
1 Cameron Gaunce Philip Larsen 60 1 2 2
2 Brian Dumoulin Alex Petrovic 40 1 2 2
Penalty Kill - 3 Players Forward
Forward Time % Phy DF OF
1 Nick Spaling 60 1 2 2
2 Jason Akeson 40 1 2 2
Penalty Kill - 3 Players Defense
Defense Defense Time % Phy DF OF
1 Cameron Gaunce Philip Larsen 60 1 2 2
2 Brian Dumoulin Alex Petrovic 40 1 2 2
4 vs 4 Forward
Center Wing Time % Phy DF OF
1 Nick Spaling Jason Akeson 60 1 2 2
2 Lars Eller Tyler Pitlick 40 1 2 2
4 vs 4 Defense
Defense Defense Time % Phy DF OF
1 Cameron Gaunce Philip Larsen 60 1 2 2
2 Brian Dumoulin Alex Petrovic 40 1 2 2
Last Minutes Offensive
Center Left Wing Right Wing Defense Defense
Lars Eller Nick Spaling Jason Akeson Cameron Gaunce Philip Larsen
Last Minutes Defensive
Center Left Wing Right Wing Defense Defense
Lars Eller Nick Spaling Jason Akeson Cameron Gaunce Philip Larsen
Goaltenders
Starting : Andrew Hammond
Backup : Kristers Gudlevskis
Extra Forwards
Normal : Marek Zagrapan, Danny Kristo, Peter Holland - PP : Marek Zagrapan, Danny Kristo - PK : Peter Holland
Extra Defensemen
Normal : Nikita Nesterov, Andrei Mironov, Brian Dumoulin - PP : Nikita Nesterov - PK : Andrei Mironov, Brian Dumoulin
Penalty Shots
Nick Spaling, Jason Akeson, Lars Eller, Tyler Pitlick, Corey Trivino
Scratches
Jordan Szwarz (Healthy), Tyler Lewington (Healthy), Viktor Loov (Healthy), Tobias Lindberg (Healthy), Andrey Pedan (Healthy)
Charles Hudon (Healthy), David Musil (Healthy), Darcy Kuemper (Healthy), Joni Ortio (Healthy)
% Time on Ice - Knights
Lines # - Real PCT - Wanted PCT - Time Play
Normal Forward
1 - 32% - 40% - 14:00
2 - 26% - 30% - 11:23
3 - 23% - 20% - 10:17
4 - 19% - 10% - 8:27
Normal Defense
1 - 42% - 40% - 18:24
2 - 28% - 30% - 12:34
3 - 25% - 20% - 11:06
4 - 5% - 10% - 2:03
PP Forward
1 - 59% - 60% - 8:14
2 - 41% - 40% - 5:40
PP Defense
1 - 66% - 60% - 9:12
2 - 34% - 40% - 4:42
PK Forward
1 - 100% - 60% - 1:32
2 - 0% - 40% - 0:00
PK Defense
1 - 73% - 60% - 1:07
2 - 27% - 40% - 0:25
PK3 Forward
1 - 0% - 60%
2 - 0% - 40%
PK3 Defense
1 - 0% - 60%
2 - 0% - 40%
44 Forward
1 - 100% - 60% - 0:27
2 - 0% - 40% - 0:00
44 Defense
1 - 100% - 60% - 0:27
2 - 0% - 40% - 0:00
Last Minute Offensive - 0:00
Last Minute Defensive - 0:00
Total
Forward - 60:00
Defense - 60:00
|
% Time on Ice - Diablos
Lines # - Real PCT - Wanted PCT - Time Play
Normal Forward
1 - 36% - 40% - 15:47
2 - 30% - 30% - 13:22
3 - 18% - 20% - 8:05
4 - 16% - 10% - 6:53
Normal Defense
1 - 41% - 40% - 17:58
2 - 33% - 30% - 14:36
3 - 23% - 20% - 10:17
4 - 3% - 10% - 1:16
PP Forward
1 - 63% - 60% - 0:58
2 - 37% - 40% - 0:34
PP Defense
1 - 62% - 60% - 0:57
2 - 38% - 40% - 0:35
PK Forward
1 - 68% - 60% - 9:28
2 - 32% - 40% - 4:26
PK Defense
1 - 60% - 60% - 8:20
2 - 40% - 40% - 5:34
PK3 Forward
1 - 0% - 60%
2 - 0% - 40%
PK3 Defense
1 - 0% - 60%
2 - 0% - 40%
44 Forward
1 - 100% - 60% - 0:27
2 - 0% - 40% - 0:00
44 Defense
1 - 100% - 60% - 0:27
2 - 0% - 40% - 0:00
Last Minute Offensive - 0:00
Last Minute Defensive - 0:00
Total
Forward - 60:00
Defense - 60:00
|
Play-by-Play
1st period
0:01 of 1st period - Lars Eller wins face-off versus Noel Acciari in neutral zone.
0:35 of 1st period - Snap shot by Bryan Bickell.
0:35 of 1st period - Shot Blocked by Michael Matheson.
0:47 of 1st period - Snap shot by Linden Vey.
0:47 of 1st period - Shot Blocked by Alex Petrovic.
0:49 of 1st period - Wrist shot by Brandon Saad.
0:49 of 1st period - Shot Misses the Net.
0:51 of 1st period - Wrist shot by Linden Vey.
0:51 of 1st period - Shot Misses the Net.
1:06 of 1st period - Off-side.
1:07 of 1st period - Brendan Gaunce wins face-off versus Peter Holland in neutral zone.
1:15 of 1st period - Minor Penalty to Barclay Goodrow for Hooking.
1:16 of 1st period - Noel Acciari wins face-off versus Nick Spaling in Diablos zone.
1:20 of 1st period - Wrist shot by Michael Raffl.
1:20 of 1st period - Stopped by Andrew Hammond with a rebound.
1:52 of 1st period - Slapshot by Oscar Klefbom.
1:52 of 1st period - Stopped by Andrew Hammond without a rebound.
1:53 of 1st period - Jason Akeson wins face-off versus Noel Acciari in Diablos zone.
2:08 of 1st period - Snap shot by Pavel Buchnevich.
2:08 of 1st period - Deflect By Michael Raffl.
2:08 of 1st period - Shot Blocked by Jason Akeson.
2:08 of 1st period - Puck is out of play.
2:09 of 1st period - Nick Spaling wins face-off versus Jonathan Huberdeau in Diablos zone.
2:14 of 1st period - Josh Bailey is hit by Nick Spaling and loses puck.
2:23 of 1st period - Backhand shot by Jason Akeson.
2:23 of 1st period - Shot Misses the Net.
3:15 of 1st period - Penalty to Barclay Goodrow is over, Barclay Goodrow is back on ice.
3:47 of 1st period - Slapshot by Tyler Pitlick.
3:47 of 1st period - Stopped by Ben Scrivens with a rebound.
3:49 of 1st period - Wrist shot by Tyler Pitlick.
3:49 of 1st period - Stopped by Ben Scrivens without a rebound.
3:50 of 1st period - Marek Zagrapan wins face-off versus Miro Aaltonen in Knights zone.
3:51 of 1st period - Snap shot by Danny Kristo.
3:51 of 1st period - Shot Misses the Net.
4:24 of 1st period - Slapshot by Boone Jenner.
4:24 of 1st period - Shot Misses the Net.
4:34 of 1st period - Jaccob Slavin is hit by Alex Petrovic and loses puck.
6:02 of 1st period - Off-side.
6:03 of 1st period - Corey Trivino wins face-off versus Brendan Gaunce in neutral zone.
6:57 of 1st period - Snap shot by Josh Bailey.
6:57 of 1st period - Shot Misses the Net.
7:53 of 1st period - Snap shot by Miro Aaltonen.
7:53 of 1st period - Shot Misses the Net.
7:55 of 1st period - Slapshot by Collin Miller.
7:55 of 1st period - Stopped by Andrew Hammond without a rebound.
7:56 of 1st period - Lars Eller wins face-off versus Miro Aaltonen in Diablos zone.
8:36 of 1st period - Josh Bailey is hit by Jason Akeson and loses puck.
9:05 of 1st period - Snap shot by Lars Eller.
9:05 of 1st period - Shot Misses the Net.
9:07 of 1st period - Snap shot by Nick Spaling.
9:07 of 1st period - Shot Blocked by Josh Bailey.
9:32 of 1st period - Slapshot by Lars Eller.
9:32 of 1st period - Shot Blocked by Jaccob Slavin.
9:40 of 1st period - Wrist shot by Jason Akeson.
9:40 of 1st period - Goal by Jason Akeson - Knights : 0 - Diablos : 1.
9:41 of 1st period - Tyler Pitlick wins face-off versus Noel Acciari in neutral zone.
9:49 of 1st period - Wrist shot by Pavel Buchnevich.
9:49 of 1st period - Shot Blocked by Tyler Pitlick.
9:51 of 1st period - Slapshot by Oscar Klefbom.
9:51 of 1st period - Stopped by Andrew Hammond with a rebound.
9:53 of 1st period - Wrist shot by Michael Raffl.
9:53 of 1st period - Deflect By Pavel Buchnevich.
9:53 of 1st period - Stopped by Andrew Hammond with a rebound.
9:55 of 1st period - Slapshot by Noel Acciari.
9:55 of 1st period - Shot Misses the Net.
9:57 of 1st period - Slapshot by Michael Raffl.
9:57 of 1st period - Stopped by Andrew Hammond with a rebound.
10:26 of 1st period - Snap shot by Tyler Pitlick.
10:26 of 1st period - Shot Misses the Net.
10:28 of 1st period - Slapshot by Brian Dumoulin.
10:28 of 1st period - Shot Misses the Net.
10:30 of 1st period - Snap shot by Corey Trivino.
10:30 of 1st period - Shot Misses the Net.
10:32 of 1st period - Wrist shot by Corey Trivino.
10:32 of 1st period - Shot Misses the Net.
10:54 of 1st period - Noel Acciari is hit by Marek Zagrapan and loses puck.
13:47 of 1st period - Philip Larsen is hit by Ludwig Bystrom and loses puck.
14:25 of 1st period - Snap shot by Michael Raffl.
14:25 of 1st period - Shot Misses the Net.
14:27 of 1st period - Snap shot by Ludwig Bystrom.
14:27 of 1st period - Shot Misses the Net.
14:29 of 1st period - Snap shot by Noel Acciari.
14:29 of 1st period - Shot Blocked by Andrei Mironov.
14:53 of 1st period - Minor Penalty to Corey Trivino for Holding Stick.
14:54 of 1st period - Nick Spaling wins face-off versus Noel Acciari in Diablos zone.
15:02 of 1st period - Wrist shot by Pavel Buchnevich.
15:02 of 1st period - Shot Misses the Net.
15:04 of 1st period - Snap shot by Pavel Buchnevich.
15:04 of 1st period - Goal by Pavel Buchnevich - Knights : 1 - Diablos : 1.
15:05 of 1st period - Lars Eller wins face-off versus Noel Acciari in neutral zone.
15:08 of 1st period - Snap shot by Jason Akeson.
15:08 of 1st period - Shot Blocked by Tomas Kundratek.
15:16 of 1st period - Slapshot by Michael Raffl.
15:16 of 1st period - Stopped by Andrew Hammond with a rebound.
15:18 of 1st period - Snap shot by Pavel Buchnevich.
15:18 of 1st period - Goal by Pavel Buchnevich - Knights : 2 - Diablos : 1.
15:19 of 1st period - Lars Eller wins face-off versus Noel Acciari in neutral zone.
15:30 of 1st period - Snap shot by Oscar Klefbom.
15:30 of 1st period - Shot Blocked by Jason Akeson.
15:41 of 1st period - Icing by Jason Akeson.
15:42 of 1st period - Miro Aaltonen wins face-off versus Nick Spaling in Diablos zone.
15:49 of 1st period - Wrist shot by Jason Akeson.
15:49 of 1st period - Shot Misses the Net.
16:12 of 1st period - Off-side.
16:13 of 1st period - Noel Acciari wins face-off versus Corey Trivino in neutral zone.
16:45 of 1st period - Boone Jenner is hit by Brian Dumoulin and loses puck.
17:02 of 1st period - Oscar Klefbom is hit by Peter Holland and loses puck.
17:23 of 1st period - Snap shot by Jonathan Huberdeau.
17:23 of 1st period - Deflect By Miro Aaltonen.
17:23 of 1st period - Shot Misses the Net.
17:23 of 1st period - Puck is out of play.
17:24 of 1st period - Noel Acciari wins face-off versus Lars Eller in Diablos zone.
17:46 of 1st period - Minor Penalty to Cameron Gaunce for Hooking.
17:47 of 1st period - Nick Spaling wins face-off versus Noel Acciari in Diablos zone.
19:09 of 1st period - Michael Raffl is hit by Lars Eller and loses puck.
19:46 of 1st period - Penalty to Cameron Gaunce is over, Cameron Gaunce is back on ice.
Goals for this period are 2 for Knights vs 1 for Diablos .
Shots for this period are 9 for Knights vs 3 for Diablos .
2nd period
0:01 of 2nd period - Noel Acciari wins face-off versus Jason Akeson in neutral zone.
0:11 of 2nd period - Wrist shot by Lars Eller.
0:11 of 2nd period - Stopped by Ben Scrivens with a rebound.
0:13 of 2nd period - Snap shot by Philip Larsen.
0:13 of 2nd period - Deflect By Nick Spaling.
0:13 of 2nd period - Stopped by Ben Scrivens without a rebound.
0:14 of 2nd period - Lars Eller wins face-off versus Noel Acciari in Knights zone.
0:40 of 2nd period - Minor Penalty to Bryan Bickell for High sticking.
0:41 of 2nd period - Nick Spaling wins face-off versus Noel Acciari in Diablos zone.
1:30 of 2nd period - Icing by Michael Raffl.
1:31 of 2nd period - Nick Spaling wins face-off versus Noel Acciari in Knights zone.
1:34 of 2nd period - Snap shot by Jason Akeson.
1:34 of 2nd period - Stopped by Ben Scrivens with a rebound.
1:54 of 2nd period - Wrist shot by Tomas Kundratek.
1:54 of 2nd period - Shot Blocked by Brian Dumoulin.
2:40 of 2nd period - Penalty to Bryan Bickell is over, Bryan Bickell is back on ice.
3:03 of 2nd period - Snap shot by Sergey Tolchinsky.
3:03 of 2nd period - Deflect By Peter Holland.
3:03 of 2nd period - Stopped by Ben Scrivens without a rebound.
3:04 of 2nd period - Marek Zagrapan wins face-off versus Jordan Martinook in Knights zone.
3:07 of 2nd period - Backhand shot by Marek Zagrapan.
3:07 of 2nd period - Shot Misses the Net.
3:29 of 2nd period - Ludwig Bystrom is hit by Tyler Pitlick and loses puck.
3:34 of 2nd period - Snap shot by Corey Trivino.
3:34 of 2nd period - Stopped by Ben Scrivens with a rebound.
3:36 of 2nd period - Slapshot by Cameron Gaunce.
3:36 of 2nd period - Stopped by Ben Scrivens with a rebound.
3:38 of 2nd period - Snap shot by Tyler Pitlick.
3:38 of 2nd period - Goal by Tyler Pitlick - Knights : 2 - Diablos : 2.
3:39 of 2nd period - Michael Raffl wins face-off versus Lars Eller in neutral zone.
4:32 of 2nd period - Slapshot by Boone Jenner.
4:32 of 2nd period - Shot Blocked by Cameron Gaunce.
4:34 of 2nd period - Slapshot by Michael Matheson.
4:34 of 2nd period - Stopped by Andrew Hammond with a rebound.
4:36 of 2nd period - Slapshot by Jaccob Slavin.
4:36 of 2nd period - Shot Blocked by Cameron Gaunce.
4:54 of 2nd period - Wrist shot by Peter Holland.
4:54 of 2nd period - Stopped by Ben Scrivens with a rebound.
5:07 of 2nd period - Off-side.
5:08 of 2nd period - Corey Trivino wins face-off versus Noel Acciari in neutral zone.
5:12 of 2nd period - Minor Penalty to Alex Petrovic for Holding.
5:13 of 2nd period - Nick Spaling wins face-off versus Noel Acciari in Diablos zone.
7:03 of 2nd period - Brian Dumoulin is hit by Jonathan Huberdeau and loses puck.
7:12 of 2nd period - Penalty to Alex Petrovic is over, Alex Petrovic is back on ice.
7:32 of 2nd period - Icing by Jaccob Slavin.
7:33 of 2nd period - Boone Jenner wins face-off versus Peter Holland in Knights zone.
7:42 of 2nd period - Wrist shot by Brandon Saad.
7:42 of 2nd period - Stopped by Andrew Hammond with a rebound.
7:44 of 2nd period - Slapshot by Brandon Saad.
7:44 of 2nd period - Shot Blocked by Peter Holland.
7:46 of 2nd period - Slapshot by Boone Jenner.
7:46 of 2nd period - Shot Misses the Net.
7:48 of 2nd period - Snap shot by Boone Jenner.
7:48 of 2nd period - Shot Misses the Net.
7:50 of 2nd period - Wrist shot by Brandon Saad.
7:50 of 2nd period - Shot Misses the Net.
7:52 of 2nd period - Snap shot by Brandon Saad.
7:52 of 2nd period - Goal by Brandon Saad - Knights : 3 - Diablos : 2.
7:53 of 2nd period - Noel Acciari wins face-off versus Lars Eller in neutral zone.
8:28 of 2nd period - Snap shot by Corey Trivino.
8:28 of 2nd period - Stopped by Ben Scrivens with a rebound.
8:30 of 2nd period - Wrist shot by Tyler Pitlick.
8:30 of 2nd period - Stopped by Ben Scrivens with a rebound.
8:44 of 2nd period - Danny Kristo is hit by Tomas Kundratek and loses puck.
9:06 of 2nd period - Snap shot by Peter Holland.
9:06 of 2nd period - Stopped by Ben Scrivens without a rebound.
9:07 of 2nd period - Michael Raffl wins face-off versus Lars Eller in Knights zone.
9:07 of 2nd period - Michael Raffl is hit by Cameron Gaunce.
9:20 of 2nd period - Minor Penalty to Cameron Gaunce for Diving.
9:21 of 2nd period - Noel Acciari wins face-off versus Nick Spaling in Diablos zone.
9:37 of 2nd period - Snap shot by Noel Acciari.
9:37 of 2nd period - Goal by Noel Acciari - Knights : 4 - Diablos : 2.
9:37 of 2nd period - Kristers Gudlevskis enters game.
9:38 of 2nd period - Lars Eller wins face-off versus Noel Acciari in neutral zone.
9:41 of 2nd period - Snap shot by Alex Petrovic.
9:41 of 2nd period - Stopped by Ben Scrivens without a rebound.
9:42 of 2nd period - Noel Acciari wins face-off versus Nick Spaling in Knights zone.
9:47 of 2nd period - Brian Dumoulin is hit by Noel Acciari and loses puck.
10:09 of 2nd period - Oscar Klefbom is hit by Brian Dumoulin and loses puck.
10:12 of 2nd period - Snap shot by Josh Bailey.
10:12 of 2nd period - Shot Misses the Net.
10:14 of 2nd period - Slapshot by Tomas Kundratek.
10:14 of 2nd period - Shot Misses the Net.
10:16 of 2nd period - Wrist shot by Josh Bailey.
10:16 of 2nd period - Shot Blocked by Corey Trivino.
10:18 of 2nd period - Snap shot by Tomas Kundratek.
10:18 of 2nd period - Stopped by Kristers Gudlevskis with a rebound.
10:30 of 2nd period - Snap shot by Linden Vey.
10:30 of 2nd period - Shot Blocked by Jiri Sekac.
10:32 of 2nd period - Wrist shot by Brandon Saad.
10:32 of 2nd period - Stopped by Kristers Gudlevskis with a rebound.
10:34 of 2nd period - Slapshot by Michael Matheson.
10:34 of 2nd period - Stopped by Kristers Gudlevskis with a rebound.
10:36 of 2nd period - Wrist shot by Boone Jenner.
10:36 of 2nd period - Stopped by Kristers Gudlevskis with a rebound.
10:38 of 2nd period - Slapshot by Michael Matheson.
10:38 of 2nd period - Stopped by Kristers Gudlevskis without a rebound.
10:39 of 2nd period - Noel Acciari wins face-off versus Lars Eller in Diablos zone.
10:42 of 2nd period - Wrist shot by Noel Acciari.
10:42 of 2nd period - Stopped by Kristers Gudlevskis with a rebound.
10:44 of 2nd period - Snap shot by Pavel Buchnevich.
10:44 of 2nd period - Stopped by Kristers Gudlevskis with a rebound.
10:46 of 2nd period - Snap shot by Pavel Buchnevich.
10:46 of 2nd period - Goal by Pavel Buchnevich - Knights : 5 - Diablos : 2.
10:47 of 2nd period - Lars Eller wins face-off versus Noel Acciari in neutral zone.
11:20 of 2nd period - Snap shot by Jonathan Huberdeau.
11:20 of 2nd period - Stopped by Kristers Gudlevskis with a rebound.
11:26 of 2nd period - Wrist shot by Miro Aaltonen.
11:26 of 2nd period - Shot Misses the Net.
11:44 of 2nd period - Jordan Martinook is hit by Brian Dumoulin and loses puck.
11:51 of 2nd period - Wrist shot by Danny Kristo.
11:51 of 2nd period - Deflect By Marek Zagrapan.
11:51 of 2nd period - Stopped by Ben Scrivens without a rebound.
11:52 of 2nd period - Jason Akeson wins face-off versus Noel Acciari in Knights zone.
11:53 of 2nd period - Snap shot by Lars Eller.
11:53 of 2nd period - Shot Misses the Net.
11:55 of 2nd period - Slapshot by Philip Larsen.
11:55 of 2nd period - Stopped by Ben Scrivens without a rebound.
11:56 of 2nd period - Lars Eller wins face-off versus Pavel Buchnevich in Knights zone.
12:03 of 2nd period - Jason Akeson is hit by Michael Raffl.
12:51 of 2nd period - Wrist shot by Corey Trivino.
12:51 of 2nd period - Shot Misses the Net.
12:53 of 2nd period - Snap shot by Brian Dumoulin.
12:53 of 2nd period - Shot Misses the Net.
13:07 of 2nd period - Wrist shot by Linden Vey.
13:07 of 2nd period - Stopped by Kristers Gudlevskis with a rebound.
13:09 of 2nd period - Wrist shot by Jaccob Slavin.
13:09 of 2nd period - Shot Misses the Net.
13:11 of 2nd period - Snap shot by Boone Jenner.
13:11 of 2nd period - Stopped by Kristers Gudlevskis with a rebound.
13:13 of 2nd period - Wrist shot by Linden Vey.
13:13 of 2nd period - Stopped by Kristers Gudlevskis without a rebound.
13:14 of 2nd period - Corey Trivino wins face-off versus Miro Aaltonen in Diablos zone.
13:19 of 2nd period - Snap shot by Tyler Pitlick.
13:19 of 2nd period - Stopped by Ben Scrivens with a rebound.
13:33 of 2nd period - Icing by Jonathan Huberdeau.
13:34 of 2nd period - Miro Aaltonen wins face-off versus Jason Akeson in Knights zone.
13:34 of 2nd period - Miro Aaltonen is hit by Philip Larsen.
13:58 of 2nd period - Wrist shot by Jonathan Huberdeau.
13:58 of 2nd period - Deflect By Josh Bailey.
13:58 of 2nd period - Shot Misses the Net.
13:58 of 2nd period - Puck is out of play.
13:59 of 2nd period - Bryan Bickell wins face-off versus Noel Acciari in Diablos zone.
14:34 of 2nd period - Icing by Cameron Gaunce.
14:35 of 2nd period - Miro Aaltonen wins face-off versus Lars Eller in Diablos zone.
14:36 of 2nd period - Slapshot by Oscar Klefbom.
14:36 of 2nd period - Stopped by Kristers Gudlevskis with a rebound.
15:32 of 2nd period - Wrist shot by Danny Kristo.
15:32 of 2nd period - Deflect By Boone Jenner.
15:32 of 2nd period - Stopped by Ben Scrivens with a rebound.
15:34 of 2nd period - Snap shot by Danny Kristo.
15:34 of 2nd period - Shot Misses the Net.
15:48 of 2nd period - Barclay Goodrow is hit by Jaccob Slavin and loses puck.
16:17 of 2nd period - Snap shot by Miro Aaltonen.
16:17 of 2nd period - Stopped by Kristers Gudlevskis with a rebound.
16:42 of 2nd period - Minor Penalty to Nikita Nesterov for Hooking.
16:43 of 2nd period - Nick Spaling wins face-off versus Noel Acciari in Diablos zone.
16:43 of 2nd period - Nick Spaling is hit by Noel Acciari.
16:49 of 2nd period - Slapshot by Nick Spaling.
16:49 of 2nd period - Shot Misses the Net.
16:51 of 2nd period - Slapshot by Cameron Gaunce.
16:51 of 2nd period - Stopped by Ben Scrivens with a rebound.
16:53 of 2nd period - Snap shot by Jason Akeson.
16:53 of 2nd period - Stopped by Ben Scrivens with a rebound.
16:55 of 2nd period - Slapshot by Jason Akeson.
16:55 of 2nd period - Stopped by Ben Scrivens without a rebound.
16:56 of 2nd period - Noel Acciari wins face-off versus Nick Spaling in Knights zone.
17:14 of 2nd period - Icing by Jaccob Slavin.
17:15 of 2nd period - Noel Acciari wins face-off versus Nick Spaling in Knights zone.
17:49 of 2nd period - Jason Akeson is hit by Jonathan Huberdeau and loses puck.
18:18 of 2nd period - Michael Raffl is hit by Tyler Pitlick and loses puck.
18:42 of 2nd period - Penalty to Nikita Nesterov is over, Nikita Nesterov is back on ice.
18:59 of 2nd period - Nikita Nesterov is hit by Linden Vey and loses puck.
19:51 of 2nd period - Wrist shot by Peter Holland.
19:51 of 2nd period - Deflect By Sergey Tolchinsky.
19:51 of 2nd period - Shot Blocked by Boone Jenner.
19:51 of 2nd period - Puck is out of play.
19:52 of 2nd period - Peter Holland wins face-off versus Boone Jenner in Knights zone.
19:53 of 2nd period - Snap shot by Sergey Tolchinsky.
19:53 of 2nd period - Stopped by Ben Scrivens without a rebound.
19:54 of 2nd period - Noel Acciari wins face-off versus Lars Eller in Knights zone.
Goals for this period are 3 for Knights vs 1 for Diablos .
Shots for this period are 18 for Knights vs 20 for Diablos .
3rd period
0:01 of 3rd period - Noel Acciari wins face-off versus Lars Eller in neutral zone.
0:55 of 3rd period - Wrist shot by Peter Holland.
0:55 of 3rd period - Stopped by Ben Scrivens without a rebound.
0:56 of 3rd period - Noel Acciari wins face-off versus Lars Eller in Knights zone.
0:56 of 3rd period - Noel Acciari is hit by Lars Eller.
1:22 of 3rd period - Jaccob Slavin is hit by Bryan Bickell and loses puck.
1:41 of 3rd period - Wrist shot by Brendan Gaunce.
1:41 of 3rd period - Deflect By Jordan Martinook.
1:41 of 3rd period - Stopped by Kristers Gudlevskis with a rebound.
1:43 of 3rd period - Backhand shot by Collin Miller.
1:43 of 3rd period - Deflect By Brendan Gaunce.
1:43 of 3rd period - Stopped by Kristers Gudlevskis without a rebound.
1:44 of 3rd period - Jordan Martinook wins face-off versus Lars Eller in Diablos zone.
1:45 of 3rd period - Wrist shot by Brendan Gaunce.
1:45 of 3rd period - Stopped by Kristers Gudlevskis without a rebound.
1:46 of 3rd period - Brendan Gaunce wins face-off versus Lars Eller in Diablos zone.
1:47 of 3rd period - Slapshot by Oscar Klefbom.
1:47 of 3rd period - Shot Misses the Net.
1:49 of 3rd period - Wrist shot by Jordan Martinook.
1:49 of 3rd period - Shot Misses the Net.
1:51 of 3rd period - Wrist shot by Tomas Kundratek.
1:51 of 3rd period - Deflect By Lars Eller.
1:51 of 3rd period - Stopped by Kristers Gudlevskis with a rebound.
1:56 of 3rd period - Minor Penalty to Nick Spaling for Hooking.
1:57 of 3rd period - Peter Holland wins face-off versus Noel Acciari in Diablos zone.
2:01 of 3rd period - Pavel Buchnevich is hit by Peter Holland and loses puck.
2:10 of 3rd period - Slapshot by Peter Holland.
2:10 of 3rd period - Stopped by Ben Scrivens with a rebound.
2:12 of 3rd period - Slapshot by Jason Akeson.
2:12 of 3rd period - Shot Blocked by Jaccob Slavin.
2:19 of 3rd period - Icing by Pavel Buchnevich.
2:20 of 3rd period - Noel Acciari wins face-off versus Peter Holland in Knights zone.
3:56 of 3rd period - Penalty to Nick Spaling is over, Nick Spaling is back on ice.
4:06 of 3rd period - Wrist shot by Brendan Gaunce.
4:06 of 3rd period - Stopped by Kristers Gudlevskis without a rebound.
4:07 of 3rd period - Lars Eller wins face-off versus Brendan Gaunce in Diablos zone.
4:12 of 3rd period - Collin Miller is hit by Jason Akeson and loses puck.
4:27 of 3rd period - Boone Jenner is hit by Sergey Tolchinsky and loses puck.
4:34 of 3rd period - Slapshot by Brian Dumoulin.
4:34 of 3rd period - Shot Misses the Net.
5:13 of 3rd period - Pavel Buchnevich is hit by Brian Dumoulin and loses puck.
5:50 of 3rd period - Slapshot by Cameron Gaunce.
5:50 of 3rd period - Shot Misses the Net.
5:52 of 3rd period - Slapshot by Barclay Goodrow.
5:52 of 3rd period - Stopped by Ben Scrivens without a rebound.
5:53 of 3rd period - Brandon Saad wins face-off versus Sergey Tolchinsky in Knights zone.
5:53 of 3rd period - Brandon Saad is hit by Nikita Nesterov.
6:14 of 3rd period - Wrist shot by Peter Holland.
6:14 of 3rd period - Deflect By Sergey Tolchinsky.
6:14 of 3rd period - Shot Misses the Net.
6:14 of 3rd period - Puck is out of play.
6:15 of 3rd period - Noel Acciari wins face-off versus Lars Eller in Knights zone.
6:15 of 3rd period - Noel Acciari is hit by Lars Eller.
7:15 of 3rd period - Snap shot by Bryan Bickell.
7:15 of 3rd period - Stopped by Ben Scrivens with a rebound.
7:29 of 3rd period - Snap shot by Bryan Bickell.
7:29 of 3rd period - Shot Hit the Post.
7:31 of 3rd period - Snap shot by Bryan Bickell.
7:31 of 3rd period - Deflect By Corey Trivino.
7:31 of 3rd period - Stopped by Ben Scrivens with a rebound.
7:33 of 3rd period - Wrist shot by Alex Petrovic.
7:33 of 3rd period - Shot Blocked by Brett Connolly.
7:35 of 3rd period - Snap shot by Alex Petrovic.
7:35 of 3rd period - Stopped by Ben Scrivens without a rebound.
7:36 of 3rd period - Lars Eller wins face-off versus Noel Acciari in Knights zone.
7:37 of 3rd period - Wrist shot by Nick Spaling.
7:37 of 3rd period - Goal by Nick Spaling - Knights : 5 - Diablos : 3.
7:38 of 3rd period - Noel Acciari wins face-off versus Jason Akeson in neutral zone.
7:38 of 3rd period - Noel Acciari is hit by Cameron Gaunce.
7:53 of 3rd period - Icing by Oscar Klefbom.
7:54 of 3rd period - Michael Raffl wins face-off versus Corey Trivino in Knights zone.
8:22 of 3rd period - Wrist shot by Noel Acciari.
8:22 of 3rd period - Shot Blocked by Cameron Gaunce.
8:24 of 3rd period - Snap shot by Noel Acciari.
8:24 of 3rd period - Shot Blocked by Lars Eller.
8:26 of 3rd period - Slapshot by Michael Raffl.
8:26 of 3rd period - Goal by Michael Raffl - Knights : 6 - Diablos : 3.
8:27 of 3rd period - Jason Akeson wins face-off versus Miro Aaltonen in neutral zone.
9:45 of 3rd period - Wrist shot by Peter Holland.
9:45 of 3rd period - Stopped by Ben Scrivens with a rebound.
9:57 of 3rd period - Slapshot by Cameron Gaunce.
9:57 of 3rd period - Deflect By Miro Aaltonen.
9:57 of 3rd period - Stopped by Ben Scrivens without a rebound.
9:58 of 3rd period - Miro Aaltonen wins face-off versus Lars Eller in Knights zone.
10:50 of 3rd period - Snap shot by Danny Kristo.
10:50 of 3rd period - Deflect By Ludwig Bystrom.
10:50 of 3rd period - Shot Misses the Net.
10:50 of 3rd period - Puck is out of play.
10:51 of 3rd period - Boone Jenner wins face-off versus Nick Spaling in Knights zone.
11:30 of 3rd period - Slapshot by Tomas Kundratek.
11:30 of 3rd period - Stopped by Kristers Gudlevskis without a rebound.
11:31 of 3rd period - Corey Trivino wins face-off versus Noel Acciari in Diablos zone.
11:38 of 3rd period - Snap shot by Bryan Bickell.
11:38 of 3rd period - Stopped by Ben Scrivens with a rebound.
11:40 of 3rd period - Snap shot by Philip Larsen.
11:40 of 3rd period - Deflect By Corey Trivino.
11:40 of 3rd period - Stopped by Ben Scrivens without a rebound.
11:41 of 3rd period - Pavel Buchnevich wins face-off versus Bryan Bickell in Knights zone.
11:41 of 3rd period - Pavel Buchnevich is hit by Cameron Gaunce.
11:44 of 3rd period - Minor Penalty to Noel Acciari for Interference.
11:45 of 3rd period - Boone Jenner wins face-off versus Lars Eller in Knights zone.
11:57 of 3rd period - Snap shot by Lars Eller.
11:57 of 3rd period - Shot Misses the Net.
11:59 of 3rd period - Snap shot by Lars Eller.
11:59 of 3rd period - Stopped by Ben Scrivens without a rebound.
12:00 of 3rd period - Lars Eller wins face-off versus Boone Jenner in Knights zone.
12:05 of 3rd period - Wrist shot by Nick Spaling.
12:05 of 3rd period - Stopped by Ben Scrivens with a rebound.
12:26 of 3rd period - Tomas Kundratek is hit by Bryan Bickell and loses puck.
12:35 of 3rd period - Cameron Gaunce is hit by Michael Raffl and loses puck.
13:16 of 3rd period - Minor Penalty to Lars Eller for Tripping.
13:17 of 3rd period - Nick Spaling wins face-off versus Miro Aaltonen in Diablos zone.
13:44 of 3rd period - Penalty to Noel Acciari is over, Noel Acciari is back on ice.
13:52 of 3rd period - Wrist shot by Peter Holland.
13:52 of 3rd period - Stopped by Ben Scrivens with a rebound.
13:54 of 3rd period - Wrist shot by Peter Holland.
13:54 of 3rd period - Shot Misses the Net.
13:56 of 3rd period - Wrist shot by Brian Dumoulin.
13:56 of 3rd period - Stopped by Ben Scrivens with a rebound.
15:16 of 3rd period - Penalty to Lars Eller is over, Lars Eller is back on ice.
15:33 of 3rd period - Andrei Mironov is hit by Oscar Klefbom and loses puck.
15:52 of 3rd period - Wrist shot by Brendan Gaunce.
15:52 of 3rd period - Shot Misses the Net.
16:16 of 3rd period - Snap shot by Jordan Martinook.
16:16 of 3rd period - Shot Misses the Net.
16:59 of 3rd period - Wrist shot by Michael Raffl.
16:59 of 3rd period - Stopped by Kristers Gudlevskis with a rebound.
17:01 of 3rd period - Snap shot by Michael Matheson.
17:01 of 3rd period - Stopped by Kristers Gudlevskis with a rebound.
17:15 of 3rd period - Tyler Pitlick is hit by Jonathan Huberdeau and loses puck.
17:37 of 3rd period - Alex Petrovic is hit by Noel Acciari.
18:41 of 3rd period - Bryan Bickell is hit by Tomas Kundratek and loses puck.
19:24 of 3rd period - Andrei Mironov is hit by Collin Miller and loses puck.
19:56 of 3rd period - Marek Zagrapan is hit by Collin Miller and loses puck.
Goals for this period are 1 for Knights vs 1 for Diablos .
Shots for this period are 9 for Knights vs 15 for Diablos .
Back to the Top